 Dungeon Crawl Stone Soup version 0.30-a0-55-g90e3122c3a (webtiles) character file.

Game seed: 2155052785599084319

53 Decritt the Gusty (level 3, -1/20 HPs)
             Began as a Tengu Air Elementalist on Sept 9, 2022.
             Slain by Terence
             ... wielding a +4 hand axe of freezing
              (8 damage)
             ... on level 2 of the Dungeon.
             The game lasted 00:04:39 (2493 turns).

Decritt the Gusty (Tengu Air Elementalist)          Turns: 2493, Time: 00:04:40

Health: -1/20      AC:  4    Str:  8    XL:     3   Next: 87%
Magic:  0/7        EV: 12    Int: 17    God:
Gold:   61         SH:  0    Dex: 14    Spells: 5/6 levels left

rFire   . . .      SeeInvis .    g - +0 sling
rCold   . . .      Faith    .    (no shield)
rNeg    . . .      Spirit   .    l - +0 leather armour
rPois   .          Reflect  .    (helmet restricted)
rElec   .          Harm     .    d - +0 cloak
rCorr   .          Rampage  .    (no gloves)
Will    .....                    (boots unavailable)
Stlth   ++........               (no amulet)
HPRegen 0.06/turn                (no ring)
MPRegen 0.10/turn                (no ring)

@: no status effects
A: beak, talons 3
a: no special abilities


You were on level 2 of the Dungeon.
You visited 1 branch of the dungeon, and saw 2 of its levels.

You collected 61 gold pieces.

Inventory:

Hand Weapons
 f - a +0 short sword
 g - a +0 sling (weapon)
Armour
 a - a +0 robe
 d - a +0 cloak (worn)
 l - a +0 leather armour (worn)
Scrolls
 c - a scroll of immolation {unknown}
 h - a scroll of vulnerability {unknown}
 i - 3 scrolls of teleportation
 j - a scroll of enchant armour {unknown}
 k - a scroll of fear
Potions
 b - a potion of magic
 e - a potion of berserk rage


   Skills:
 + Level 1.0 Fighting
 + Level 2.6 Dodging
 - Level 2.0 Stealth
 + Level 2.4 Spellcasting
 + Level 2.2 Conjurations
 * Level 4.8 Air Magic


You had 5 spell levels left.
You knew the following spells:

 Your Spells              Type           Power      Damage    Failure   Level
a - Shock                 Conj/Air       56%        1d6       6%          1

Your spell library contained the following spells:

 Spells                   Type           Power      Damage    Failure   Level
 Static Discharge         Conj/Air       28%        3-5/arc   10%         2
 Swiftness                Air            18%        N/A       11%         3
 Airstrike                Air            9%         2d(2-18)  36%         4


Dungeon Overview and Level Annotations

Branches:
Dungeon (2/15)

Altars:

Annotations:
D:2 Terence


Innate Abilities, Weirdness & Mutations

You have a beak for a mouth.
You have claws for feet.


Message History

Aiming: Shock (safe; 6% risk of failure)
Press: ? - help, Shift-Dir - straight line, f/p - Terence
Aim: Terence, wielding a +4 hand axe of freezing, wearing a +0 ring mail, quivering stones and carrying a wand of flame (11) (heavily wounded, 75% to hit)
The zap hits Terence.
Terence is heavily wounded.
Terence zaps a wand.
The puff of flame hits you.
* * * LOW HITPOINT WARNING * * *
Casting: Shock (safe; 6% risk of failure)
Confirm with . or Enter, or press ? or * to list all spells.
Aiming: Shock (safe; 6% risk of failure)
Press: ? - help, Shift-Dir - straight line, f/p - Terence
Aim: Terence, wielding a +4 hand axe of freezing, wearing a +0 ring mail, quivering stones and carrying a wand of flame (10) (heavily wounded, 75% to hit)
The zap hits Terence.
Terence is severely wounded.
Terence zaps a wand.
The puff of flame misses you.
Casting: Shock (safe; 6% risk of failure)
Confirm with . or Enter, or press ? or * to list all spells.
Aiming: Shock (safe; 6% risk of failure)
Press: ? - help, Shift-Dir - straight line, f/p - Terence
Aim: Terence, wielding a +4 hand axe of freezing, wearing a +0 ring mail, quivering stones and carrying a wand of flame (9) (severely wounded, 75% to hit)
The zap hits Terence.
Terence is almost dead.
Terence barely misses you.
Casting: Shock (safe; 6% risk of failure)
Confirm with . or Enter, or press ? or * to list all spells.
You don't have enough magic to cast this spell.
You shoot a sling bullet.
The sling bullet hits Terence but does no damage.
Terence is almost dead.
Terence barely misses you. x2
You shoot a sling bullet. The sling bullet barely misses Terence.
Terence closely misses you.
Casting: Shock (safe; 6% risk of failure)
Confirm with . or Enter, or press ? or * to list all spells.
Aiming: Shock (safe; 6% risk of failure)
Press: ? - help, Shift-Dir - straight line, f/p - Terence
Aim: Terence, wielding a +4 hand axe of freezing, wearing a +0 ring mail, quivering stones and carrying a wand of flame (9) (almost dead, 75% to hit)
The zap misses Terence.
Terence hits you with a +4 hand axe of freezing!
You die...

### ### #.. ..# #.# #.#
#.# #.# #####
##.######.# ##...##
.......)#.####.....#
##.##..............#####
##.##...#...##.(@....(.#
##.#####.....##.@†####.#
##..........#######
##########.## # #.# #
#.# # #+# # ## .###


You could see Terence.

Vanquished Creatures
  2 dart slugs (D:1)
  2 bats (D:1)
  9 endoplasms
  A giant cockroach (D:1)
  A goblin (D:2)
  3 hobgoblins
  7 jackals (D:1)
  5 ball pythons
  3 frilled lizards
  6 kobolds
  5 rats
44 creatures vanquished.

Vanquished Creatures (others)
  7 fungi (D:2)
  7 plants
14 creatures vanquished.

Grand Total: 58 creatures vanquished

Notes
Turn   | Place    | Note
-------+----------+-------------------------------------------
     0 | D:1      | Decritt the Tengu Air Elementalist began the quest for the
                  | Orb.
     0 | D:1      | Reached XP level 1. HP: 10/10 MP: 4/4
   156 | D:1      | Reached XP level 2. HP: 14/15 MP: 0/6
   790 | D:1      | Reached XP level 3. HP: 20/20 MP: 3/7
  2018 | D:2      | Reached skill level 1 in Fighting
  2085 | D:2      | Noticed Terence
  2493 | D:2      | Slain by Terence

Illustrated notes

Levels and vault maps discovered:
D:1:      lightli_arrival_lavapool, layout_rooms, serial_curves, eino_curves_02,
          eino_curves_02, eino_curves_03, nrook_campfire, st_stairs_12,
          amcnicky_mini_pool_small, minmay_shallow_snake_nest
D:2:      layout_loops_corners, shapermc_ecumenical_altar_mp_ritualfount,
          uniq_terence

Skill      XL: |  1  2  3 |
---------------+----------+-----
Conjurations   | 2 |  2.2
Fighting       | 1 |  1.0
Dodging        | |  2.6
Stealth        | |  2.0
Spellcasting   | |  2.4
Air Magic      | |  4.8

Action                   || total
-------------------------++-------
Melee: Unarmed           ||     8
       Peck              ||     2
       Kick              ||     2
       Short sword       ||     2
 Fire: Sling             ||    89
 Cast: Shock             ||    51
  Use: Scroll            ||     3
Armor: Robe              ||    17
       Leather armour    ||    21
Dodge: Dodged            ||    96

Table legend: (Time is in decaauts)
 A = Elapsed time spent in this place.
 B = Non-inter-level travel time spent in this place.
 C = Inter-level travel time spent in this place.
 D = Time resting spent in this place.
 E = Time spent auto-exploring this place.
 F = Levels seen in this place.
 G = Mean time per level.
                   A        B        C        D        E       F      G
               +--------+--------+--------+--------+--------+-----+--------+
         Total |   2531 |   2504 |     27 |    829 |   1239 |   2 | 1265.5 |
       Dungeon |   2531 |   2504 |     27 |    829 |   1239 |   2 | 1265.5 |
               +--------+--------+--------+--------+--------+-----+--------+

Top non-repeatable levels by time:
     D:1: 2020 daAuts
     D:2: 510 daAuts
